 Dungeon Crawl Stone Soup version 0.30.1-11-g7821555f0a (webtiles) character file.

Game seed: 2166559720475518252

2077 hawla the Basher (level 9, -2/57 HPs)
             Began as a Demonspawn Fire Elementalist on Jan 5, 2024.
             Slain by Joseph
             ... wielding a +0 quarterstaff
              (16 damage)
             ... on level 7 of the Dungeon.
             The game lasted 00:21:27 (6346 turns).

hawla the Basher (Demonspawn Fire Elementalist)     Turns: 6346, Time: 00:21:28

Health: -2/57      AC:  8    Str: 12    XL:     9   Next: 6%
Magic:  2/13       EV: 12    Int: 22    God:
Gold:   411        SH:  0    Dex: 13    Spells: 7/14 levels left

rFire   . . .        j - +0 hammer of Ruapasme {freeze, rPois Str+4}
rCold   . . .        (no shield)
rNeg    . . .        a - +0 robe
rPois   +            d - +1 helmet
rElec   .            h - +0 cloak
rCorr   .            o - +0 pair of gloves
SInv    .            (no boots)
Will    .....        (no amulet)
Stlth   ++           (no ring)
HPRegen 0.29/turn    (no ring)
MPRegen 0.13/turn

%: no passive effects
@: very slightly contaminated
A: yellow scales 1, spiny 2, demonic magic 1, weakness stinger 2
a: no special abilities


You were on level 7 of the Dungeon.
You visited 1 branch of the dungeon, and saw 7 of its levels.

You collected 411 gold pieces.

Inventory:

Hand Weapons
 g - a +5 quarterstaff of chaos
 j - the +0 hammer of Ruapasme (weapon) {freeze, rPois Str+4}
   (You found it on level 2 of the Dungeon)

   Str:       It affects your strength (+4).
   rPois:     It protects you from poison.
Armour
 a - a +0 robe (worn)
 d - a +1 helmet (worn)
 h - a +0 cloak (worn)
 o - a +0 pair of gloves (worn)
Wands
 n - a wand of polymorph (7) (quivered)
 t - a wand of flame (10)
Scrolls
 c - a scroll of blinking {unknown}
 i - 4 scrolls of enchant armour {unknown}
 l - a scroll of vulnerability
 q - a scroll of amnesia
 r - 2 scrolls of immolation {unknown}
 s - a scroll of teleportation
 u - a scroll of enchant weapon
Potions
 b - a potion of magic
 e - 2 potions of ambrosia
 f - 3 potions of haste
 k - a potion of curing
 m - a potion of might
 p - a potion of lignification {unknown}


   Skills:
 - Level 9.4 Maces & Flails
 - Level 2.0 Dodging
 - Level 2.3 Stealth
 - Level 3.0 Spellcasting
 - Level 3.4 Conjurations
 - Level 3.3 Fire Magic
 * Level 2.3 Evocations


You had 7 spell levels left.
You knew the following spells:

 Your Spells              Type           Power      Damage    Failure   Level
a - Foxfire               Conj/Fire      72%        2x1d7     3%          1
b - Scorch                Fire           34%        2d6       4%          2
c - Flame Wave            Conj/Fire      18%        2d7       30%         4

Your spell library contained the following spells:

 Spells                   Type           Power      Damage    Failure   Level
 Inner Flame              Hex/Fire       10%        N/A       19%         3
 Volatile Blastmotes      Fire/Tloc      20%        2d11      19%         3


Dungeon Overview and Level Annotations

Branches:
Dungeon (7/15)
 Temple: D:4-7

Altars:
Nemelex Xobeh

Shops:
D:4 *

Annotations:
D:7 Joseph


Innate Abilities, Weirdness & Mutations

You are partially covered in yellow scales. (AC +2)
You are mostly covered in sharp spines.
Spells you cast may paralyse adjacent enemies.
You have a tail ending in a sharp stinger.


Message History

The flame wave engulfs the orc!
You kill the orc!
You hear a shout!
Joseph unwields a +0 quarterstaff.
Joseph wields a +0 sling.
Joseph shoots a sling bullet.
The sling bullet hits you!
A wave of flame ripples out!
The flame wave engulfs Joseph.
Joseph is lightly wounded.
You finish channelling waves of flame.
Unknown command.
Joseph shoots a sling bullet.
The sling bullet hits you.
Things that are here:
a +0 dagger; a +0 robe Joseph unwields a +0 sling.
Joseph wields a +0 quarterstaff.
Joseph hits you with a +0 quarterstaff.
You see here a +0 hand axe.
Casting: Flame Wave (quite dangerous; 30% risk of failure)
Confirm with . or Enter, or press ? or * to list all spells.
Flames lash Joseph.
Joseph is lightly wounded.
Joseph's fire resistance burns away.
Malevolent energies surge around you.
Joseph suddenly stops moving!
Casting: Scorch (safe; 4% risk of failure)
Confirm with . or Enter, or press ? or * to list all spells.
You don't have enough magic to cast this spell.
The helpless Joseph fails to defend himself.
You hit Joseph. You freeze Joseph.
Joseph is lightly wounded.
Joseph is no longer paralysed.
Joseph hits you with a +0 quarterstaff.
You closely miss Joseph.
Joseph is lightly wounded.
Joseph hits you with a +0 quarterstaff!
* * * LOW HITPOINT WARNING * * *
You barely miss Joseph.
Your tail-slap misses Joseph.
Joseph is lightly wounded.
Joseph hits you with a +0 quarterstaff!
* * * LOW HITPOINT WARNING * * *
You feel better.
Joseph is no longer more vulnerable to fire.
Joseph is struck by your spines. Joseph hits you with a +0 quarterstaff!
You die...

###
..#
#.#
#@#
#@#
#)#
#<#
###


You could see Joseph.

Vanquished Creatures
  Eustachio (D:4)
  3 water moccasins
  2 ice beasts
  A black bear (D:5)
  An ogre (D:4)
  2 phantoms
  A centaur (D:6)
  3 scorpions
  4 hounds
  2 jellies
  Crazy Yiuf (D:2)
  2 orc priests (D:4)
  A sleepcap (D:3)
  5 iguanas
  6 orc wizards
  Natasha (D:2)
  Robin (D:3)
  12 adders
  A shadow imp (D:6)
  2 white imps
  2 ufetubi
  3 dart slugs
  12 orcs
  3 ball pythons
  8 bats
  5 endoplasms
  4 giant cockroaches
  17 goblins
  5 hobgoblins
  8 jackals
  5 quokkas
  A frilled lizard (D:1)
  A kobold (D:2)
  4 rats
130 creatures vanquished.

Vanquished Creatures (collateral kills)
  A foxfire (D:5)
1 creature vanquished.

Vanquished Creatures (others)
  308 foxfires
308 creatures vanquished.

Grand Total: 439 creatures vanquished

Notes
Turn   | Place    | Note
-------+----------+-------------------------------------------
     0 | D:1      | hawla the Demonspawn Fire Elementalist began the quest for
                  | the Orb.
     0 | D:1      | Reached XP level 1. HP: 13/13 MP: 3/3
   282 | D:1      | Gained mutation: Spells you cast may paralyse adjacent
                  | enemies. [demonic ancestry]
   282 | D:1      | Reached XP level 2. HP: 19/19 MP: 1/5
   748 | D:1      | Found a faded altar of an unknown god.
   902 | D:1      | Learned a level 2 spell: Scorch
  1125 | D:2      | Noticed Natasha
  1130 | D:2      | Killed Natasha
  1131 | D:2      | Gained mutation: You are partially covered in yellow
                  | scales. (AC +2) [demonic ancestry]
  1131 | D:2      | Reached XP level 3. HP: 21/24 MP: 0/7
  1365 | D:2      | Gained mutation: You have a small tail. [demonic ancestry]
  1365 | D:2      | Reached XP level 4. HP: 30/30 MP: 5/8
  1406 | D:2      | Noticed Robin
  1442 | D:3      | Learned a level 4 spell: Flame Wave
  1488 | D:3      | Killed Robin
  1704 | D:2      | You fall into a shaft and drop 2 floors!
  1884 | D:2      | Found a runed translucent door.
  1885 | D:2      | Identified the +0 hammer of Ruapasme {freeze, rPois Str+4}
  1885 | D:2      | Noticed Crazy Yiuf
  1892 | D:2      | Killed Crazy Yiuf
  1893 | D:2      | Reached XP level 5. HP: 29/35 MP: 0/9
  2750 | D:3      | Reached skill level 1 in Maces & Flails
  3023 | D:3      | Reached skill level 2 in Maces & Flails
  3342 | D:4      | Reached XP level 6. HP: 7/41 MP: 0/10
  3349 | D:4      | Reached skill level 3 in Maces & Flails
  3651 | D:4      | Found Ofroh's Neck Hole.
  3697 | D:4      | Reached skill level 4 in Maces & Flails
  3791 | D:4      | Gained mutation: You are partially covered in sharp spines.
                  | [demonic ancestry]
  3791 | D:4      | Reached XP level 7. HP: 46/46 MP: 2/11
  4155 | D:4      | Noticed Eustachio
  4187 | D:4      | Killed Eustachio
  4188 | D:4      | Reached skill level 5 in Maces & Flails
  4372 | D:5      | Entered Level 5 of the Dungeon
  4519 | D:5      | Reached skill level 6 in Maces & Flails
  4689 | D:5      | Reached skill level 7 in Maces & Flails
  4689 | D:5      | Gained mutation: You are mostly covered in sharp spines.
                  | [demonic ancestry]
  4689 | D:5      | Reached XP level 8. HP: 43/52 MP: 0/12
  5059 | D:5      | Reached skill level 8 in Maces & Flails
  5593 | D:6      | HP: 2/52 [iguana (7)]
  5594 | D:6      | Reached skill level 9 in Maces & Flails
  5730 | D:6      | Found a sparkling altar of Nemelex Xobeh.
  5871 | D:6      | Reached skill level 1 in Evocations
  5874 | D:6      | Gained mutation: You have a tail ending in a sharp stinger.
                  | [demonic ancestry]
  5874 | D:6      | Reached XP level 9. HP: 49/57 MP: 2/13
  6335 | D:7      | Noticed Joseph
  6346 | D:7      | Slain by Joseph

Illustrated notes

Levels and vault maps discovered:
D:1:      wander_arrival_peaceful_grave, layout_basic,
          chequers_ecumenical_altar_grove
D:2:      layout_basic, basic_altar, uniq_robin, uniq_crazy_yiuf_cottage,
          uniq_natasha
D:3:      layout_loops_ring, hangedman_glass_teeth
D:4:      layout_basic, amcnicky_mini_pool_small, grunt_decor_cap,
          nicolae_shop_sticking_my_neck_out, uniq_eustachio
D:5:      layout_cave_pools, serial_bayou, serial_bayou_lagoon_a,
          serial_bayou_crossing, serial_bayou_shore_a, serial_bayou_pond_a,
          serial_bayou_pond_d
D:6:      layout_rooms, nemelex_xobeh_ov_fountains_minmay
D:7:      layout_basic, fedhas_altar_2, minmay_temple_entry_trees,
          kennysheep_nub, uniq_joseph

Skill      XL: |  1  2  3  4  5  6  7  8  9 |
---------------+----------------------------+-----
Stealth        | 2 |  2.3
Fire Magic     | 3 |  3.3
Dodging        | 2 |  2.0
Spellcasting   | 3 |  3.0
Conjurations   | 3 |  3.4
Maces & Flails | 2 4 7 9 |  9.4
Evocations     | 1 2 |  2.3

Action                     |  1- 3 |  4- 6 |  7- 9 || total
---------------------------+-------+-------+-------++-------
  Melee: Unarmed           |     9 |       |       ||     9
         Mace              |       |    13 |    63 ||    76
         Tailslap          |       |     3 |     8 ||    11
         Punch             |       |       |     1 ||     1
   Cast: Foxfire           |    41 |    60 |    71 ||   172
         Scorch            |     1 |    21 |    27 ||    49
         Flame Wave        |       |     2 |     4 ||     6
    Use: Potion            |     4 |     4 |     4 ||    12
         Scroll            |     1 |     2 |     8 ||    11
   Stab: Paralysed         |     3 |     2 |     6 ||    11
         Sleeping          |       |     1 |       ||     1
 Armour: Robe              |     7 |    21 |    50 ||    78
  Dodge: Dodged            |    15 |    29 |    50 ||    94
